Match 45680909
Unlisted

Match 45680909
End
Construct Infanterie Kompanie
Selects Luftwaffe Battlegroup
Selects Luftwaffe Pioneer Support
Fallschirmpioneer Squad Paradrop
Grenadier Squad
Grenadier Squad
Medical Station
Selects Stuka Strafing Run
Construct Luftwaffe Kompanie
Selects Fallschirmjäger Squad Paradrop
Jäger Squad
Support Elements
Wirbelwind Flakpanzer
Jäger Squad
Jäger Squad
Construct Panzer Kompanie
Selects Stuka Loiter
Jäger Squad
Jäger Squad
Selects LG40 Recoilless Gun Paradrop
Sturmpanzer IV Brummbär
Pioneer Squad
Jäger Squad
WUGIGI
WTLucian
forsaken
Nord
Oncle-Hô
Eroles
duimianshisb
英国原神,启动!
0
0

Comments sign in to comment!

No comments posted yet!